Map: 2000 Atmosphären LE

Players

K.I.-1 (Sehr leicht) - Winner!

  • Race: Protoss Protoss

Luca

  • Race: Terran Terran
  • League: Master

VOD

Have the link to the VOD?

Description

Time

  • Played on: April 4, 2022, 4:27 p.m.
  • Length: 11:15
Show
View Real Time Build Order
Export as new Build Order

K.I.-1 (Sehr leicht) Protoss - Winner!

Build Orders:  

Get SALT Encoding   

  12  0:00  Probe  
  13  0:13  Probe  
  14  0:19  Pylon  
  14  0:36  Assimilator  
  14  0:43  Gateway  
  14  0:46  Pylon  
  14  1:14  Assimilator  
  14  1:22  Zealot  
  14  1:23  Probe  
  14  1:31  Probe  
  17  1:33  Cybernetics Core  
  18  1:41  Probe  
  19  1:53  Probe  
  20  1:59  Warp Gate  
  20  2:02  Probe  
  21  2:10  Probe  
  22  2:43  Stalker  
  24  6:06  Probe  
  24  7:15  Probe  
  24  7:20  Adept  
  24  7:22  Pylon  
  27  7:23  Probe  
  27  7:24  Robotics Facility  
  27  7:26  Nexus  
  28  7:32  Probe  
  29  7:40  Probe  
  26  8:12  Observer  
  26  8:18  Zealot  
  29  8:26  Observer  
  30  8:37  Probe  
  31  8:47  Assimilator, Probe  
  32  8:50  Assimilator, Probe  
  33  9:01  Probe  
  34  9:08  Probe  
  35  9:15  Probe  
  36  9:17  Stalker  
  36  9:22  Probe  
  39  9:29  Probe  
  40  9:34  Probe  
  41  9:44  Probe  
  42  9:47  Probe  
  43  9:58  Probe  
  44  10:05  Probe  
  45  10:12  Probe  
  46  10:20  Probe  
  47  10:23  Pylon  
  47  10:25  Probe  
Show
View Real Time Build Order
Export as new Build Order

Luca Terran 

Build Orders: Reaper Expand 

Get SALT Encoding   

  12  0:01  SCV  
  13  0:13  SCV  
  14  0:17  Supply Depot  
  14  0:25  SCV  
  15  0:39  SCV  
  15  0:42  Barracks  
  16  0:47  Refinery  
  16  0:51  SCV  
  17  1:03  SCV  
  18  1:15  SCV  
  19  1:28  Orbital Command  
  19  1:32  Reaper  
  20  1:40  Command Center  
  20  1:53  Supply Depot  
  20  1:54  SCV  
  21  2:04  Marine  
  21  2:06  SCV  
  23  2:12  Factory  
  23  2:18  SCV  
  23  2:21  Bunker  
  24  2:27  Barracks Reactor  
  24  2:30  SCV  
  24  2:32  Refinery  
  25  2:43  SCV  
  26  2:53  Orbital Command  
  26  2:59  Factory Tech Lab  
  26  3:01  SCV  
  26  3:03  Marine  
  26  3:04  Marine  
  29  3:07  Starport  
  29  3:13  Barracks  
  29  3:14  SCV  
  29  3:19  SCV  
  31  3:21  Marine x2  
  31  3:23  Cyclone  
  36  3:27  SCV  
  36  3:32  SCV  
  36  3:33  Supply Depot  
  38  3:39  Marine x2  
  38  3:40  SCV  
  41  3:44  SCV, Viking  
  44  3:52  SCV  
  44  3:54  Supply Depot  
  45  3:56  SCV  
  45  3:57  Engineering Bay  
  45  4:01  Marine x2  
  48  4:06  SCV  
  48  4:08  SCV  
  50  4:10  Factory Tech Lab  
  50  4:14  Refinery  
  50  4:16  Marine  
  51  4:18  Stimpack  
  51  4:19  Marine x2, SCV  
  51  4:23  SCV  
  55  4:25  Supply Depot  
  55  4:31  SCV  
  56  4:35  Barracks  
  56  4:36  Marauder  
  56  4:37  Marine  
  56  4:38  Marine  
  60  4:39  SCV  
  60  4:43  SCV  
  60  4:44  Factory Reactor  
  62  4:48  Raven  
  62  4:50  Supply Depot  
  62  4:51  SCV  
  65  4:55  Marine, SCV  
  65  4:57  Marauder  
  69  5:03  SCV  
  70  5:11  Marine, Supply Depot, SCV  
  70  5:13  Marine, Supply Depot  
  73  5:18  Marauder  
  73  5:19  SCV  
  78  5:21  Widow Mine  
  78  5:28  Terran Infantry Weapons Level 1  
  78  5:29  Supply Depot  
  78  5:33  Marine x2, Widow Mine, SCV  
  83  5:37  Marauder, Combat Shield  
  83  5:38  SCV  
  83  5:40  Marauder  
  83  5:41  Starport Reactor  
  83  5:42  Supply Depot  
  88  5:44  Widow Mine  
  88  5:46  SCV  
  91  5:50  Marine x2  
  91  5:52  SCV  
  94  5:58  Marauder, SCV  
  94  6:01  Marauder  
  94  6:02  Refinery  
  94  6:03  Supply Depot, Concussive Shells  
  99  6:06  Supply Depot, Widow Mine x2  
  99  6:08  SCV  
  104  6:13  Marine x2  
  104  6:16  SCV  
  107  6:19  Marauder  
  107  6:25  Marauder  
  111  6:27  Command Center  
  111  6:30  Supply Depot  
  111  6:32  Widow Mine  
  113  6:33  Widow Mine  
  113  6:34  Marine  
  113  6:35  Marine  
  117  6:41  Marauder  
  117  6:42  Medivac  
  117  6:46  Marauder, Medivac  
  125  6:56  Barracks  
  125  6:57  Marine x2  
  125  6:59  Barracks  
  127  7:02  Marauder  
  127  7:04  SCV x2  
  127  7:05  Widow Mine  
  133  7:09  Supply Depot  
  133  7:22  Supply Depot x2  
  133  7:31  Widow Mine, Marauder, Medivac x2  
  133  7:32  Marine  
  142  7:38  Marine, Supply Depot  
  142  7:39  Marauder, Orbital Command  
  142  7:42  SCV x2  
  147  7:45  Barracks Tech Lab, Barracks Reactor  
  147  7:49  Ghost Academy  
  147  7:52  Marine  
  147  7:53  Marauder  
  147  7:54  SCV  
  147  7:56  Marine  
  152  8:00  Marauder  
  152  8:01  SCV  
  152  8:04  Marauder  
  157  8:06  Orbital Command  
  157  8:08  Supply Depot  
  157  8:09  Supply Depot, SCV  
  158  8:14  Marauder  
  158  8:18  Terran Infantry Armor Level 1  
  160  8:21  Engineering Bay, Marauder  
  160  8:25  Armory  
  160  8:26  Marauder  
  164  8:33  Marine x2  
  166  8:35  Marine x2, Marauder  
  170  8:43  Marauder  
  170  8:45  Enhanced Shockwaves  
  170  8:46  Ghost  
  174  8:51  Marine x2  
  174  8:53  Medivac  
  178  8:56  Widow Mine, Ghost  
  178  8:57  Widow Mine  
  178  8:59  Marine  
  178  9:00  Marine  
  178  9:02  SCV  
  187  9:03  SCV, Refinery  
  187  9:04  Marauder, Refinery  
  187  9:05  SCV  
  187  9:08  Supply Depot  
  187  9:09  Marine  
  192  9:14  SCV  
  193  9:18  Marauder  
  193  9:19  Marine x2  
  197  9:30  Marauder  
  199  9:35  Viking  
  197  9:40  Command Center  
  197  9:41  Viking  
  197  9:42  Ghost  
  197  9:43  Marine x2  
  200  9:51  Starport  
  200  9:55  Barracks  
  200  9:56  Barracks  
  200  9:57  Barracks  
  200  10:00  Missile Turret  
  200  10:07  Missile Turret  
  188  10:15  Ghost x2  
  188  10:16  Ghost  
  188  10:21  Marine x2  
  186  10:31  Starport Reactor  
  186  10:32  Viking  
  186  10:33  Viking  
  187  10:43  Barracks Tech Lab  
  187  10:44  Barracks Tech Lab  
  187  10:45  Marauder x3, Barracks Reactor  
  187  10:49  Missile Turret  
  193  10:50  Missile Turret  
  193  10:55  Missile Turret  
  193  10:56  Missile Turret  
Tags
 
Add a new tag
Caveats
  • Supply blocks, unpowered buildings, or Contaminate may cause inaccurate times.
  • Supply counts are checked every 10 seconds.